 Dungeon Crawl Stone Soup version 0.30-a0-800-g7c544603b3 (webtiles) character file.

Game seed: 5733098659444122462

114 hikkokomori the Shield-Bearer (level 4, 0/41 HPs)
             Began as a Minotaur Fighter on Feb 23, 2023.
             Slain by a gnoll sergeant
             ... wielding a +1 trident of pain
              (2 damage)
             ... on level 3 of the Dungeon.
             The game lasted 00:02:00 (1292 turns).

hikkokomori the Shield-Bearer (Minotaur Fighter)    Turns: 1292, Time: 00:02:00

Health: 0/41       AC:  7    Str: 17 (20) XL:     4   Next: 66%
Magic:  3/3        EV:  9    Int:  2 (5)  God:
Gold:   105        SH:  4    Dex: 10 (12) Spells: 3/3 levels left

rFire   . . .      SeeInvis .    a - +0 war axe
rCold   . . .      Faith    .    c - +0 buckler
rNeg    . . .      Spirit   .    b - +0 scale mail
rPois   .          Reflect  .    (helmet restricted)
rElec   .          Harm     .    (no cloak)
rCorr   .          Rampage  .    (no gloves)
Will    .....                    (no boots) Stlth
                                 (no amulet)
HPRegen 0.26/turn                (no ring)
MPRegen 0.08/turn                (no ring)

@: no status effects
A: horns 2, retaliatory headbutt
a: no special abilities


You were on level 3 of the Dungeon.
You visited 1 branch of the dungeon, and saw 3 of its levels.

You collected 105 gold pieces.

Inventory:

Hand Weapons
 a - a +0 war axe (weapon)
Armour
 b - a +0 scale mail (worn)
 c - a +0 buckler (worn)
Scrolls
 e - 2 scrolls of identify {unknown}
 f - 2 scrolls of poison
 h - 4 scrolls of teleportation {unknown}
 i - a scroll of summoning {unknown}
 j - a scroll of enchant armour {unknown}
 k - a scroll of brand weapon {unknown}
 m - a scroll of vulnerability {unknown}
 n - a scroll of silence {unknown}
 p - a scroll of enchant weapon {unknown}
Potions
 d - a potion of might
 g - a potion of degeneration
 l - a potion of berserk rage {unknown}
 o - 2 potions of curing


   Skills:
 + Level 4.5 Fighting
 + Level 3.6 Axes
 + Level 4.5 Armour
 + Level 4.5 Shields


You had 3 spell levels left.
You didn't know any spells.
Your spell library contained the following spells:

 Spells                   Type           Power      Damage    Failure   Level
 Lesser Beckoning         Tloc           0%         N/A       99%         2
 Gell's Gravitas          Tloc           0%         N/A       100%        3
 Teleport Other           Tloc           0%         N/A       100%        3


Dungeon Overview and Level Annotations

Branches:
Dungeon (3/15)

Altars:
Elyvilon


Innate Abilities, Weirdness & Mutations

You have a pair of horns on your head.
You reflexively headbutt those who attack you in melee.


Message History

Sorry, you're not good enough to have a special ability.
Sorry, you're not good enough to have a special ability.
Sorry, you're not good enough to have a special ability.
Sorry, you're not good enough to have a special ability.
Sorry, you're not good enough to have a special ability.
Sorry, you're not good enough to have a special ability.
Sorry, you're not good enough to have a special ability.
Sorry, you're not good enough to have a special ability.
Sorry, you're not good enough to have a special ability.
Sorry, you're not good enough to have a special ability.
Sorry, you're not good enough to have a special ability.
Sorry, you're not good enough to have a special ability.
Sorry, you're not good enough to have a special ability.
Sorry, you're not good enough to have a special ability.
Sorry, you're not good enough to have a special ability.
Sorry, you're not good enough to have a special ability.
Sorry, you're not good enough to have a special ability.
Sorry, you're not good enough to have a special ability.
Sorry, you're not good enough to have a special ability.
Sorry, you're not good enough to have a special ability.
Sorry, you're not good enough to have a special ability.
Sorry, you're not good enough to have a special ability.
Sorry, you're not good enough to have a special ability.
Sorry, you're not good enough to have a special ability.
It was a potion of degeneration.
There was something very wrong with that liquid.
You feel weakened.
You feel dopey.
You feel clumsy.
The gnoll sergeant hits you from afar with a +1 trident of pain!
* * * LOW HITPOINT WARNING * * *
You writhe in agony.
* * * LOW HITPOINT WARNING * * *
It was a potion of curing.
You feel better. The gnoll sergeant closely misses you.
The air fills with toxic fumes!
As you read the scroll labelled HUTTAWN ETWIE, it crumbles to dust.
It was a scroll of poison.
The gnoll sergeant hits you from afar with a +1 trident of pain!
* * * LOW HITPOINT WARNING * * *
You writhe in agony.
You die...

..g).g.# ##.###.###..##.....
..g###.########§§§##..###.###....
... #.........§§§###..##...##...
..# ###.#######§§# #.####..#...
#. #g##...##§§# .# ##....# #.
#.#.....#§§# .. #....# #
#g#.....#§§# #...#.....
#.#.....#§§# #####.#....#
#.##...##@§# #..........#
#.###.###§§# #...........
#..g.g..g§## #...........
#.?..###### #........... #...###
#........... ....### #.......>...
#.### #..<........ ..
#####..#.##. . #....##.##.


You could see a gnoll sergeant.

Vanquished Creatures
  5 gnolls
  3 adders
  A dart slug (D:2)
  An orc (D:3)
  4 ball pythons
  2 endoplasms
  4 giant cockroaches
  5 goblins
  2 hobgoblins (D:2)
  2 quokkas
  3 bats
  5 frilled lizards
  2 rats
39 creatures vanquished.

Notes
Turn   | Place    | Note
-------+----------+-------------------------------------------
     0 | D:1      | hikkokomori the Minotaur Fighter began the quest for the
                  | Orb.
     0 | D:1      | Reached XP level 1. HP: 19/19 MP: 0/0
   119 | D:1      | You fall into a shaft and drop 1 floor!
   137 | D:2      | Reached XP level 2. HP: 27/27 MP: 1/1
   244 | D:2      | Reached XP level 3. HP: 23/33 MP: 2/2
   690 | D:2      | Reached XP level 4. HP: 40/40 MP: 3/3
  1060 | D:3      | Found a white marble altar of Elyvilon.
  1263 | D:3      | Noticed a gnoll sergeant
  1292 | D:3      | HP: 2/41 [gnoll sergeant/+1 trident of pain (8)]
  1292 | D:3      | Slain by a gnoll sergeant

Illustrated notes

Levels and vault maps discovered:
D:1:      mrwooster_arrival_statue_3, layout_basic
D:2:      layout_loops_ring, grunt_ministairs_1, columned_hall_lemuel
D:3:      layout_rooms, mainiacjoe_overflow_surrounded_room,
          serial_corexii_hall, corexii_hall_statues_i, chequers_hall_statues_y,
          minmay_misc_feat_enclosed, kennysheep_minor_cross

Skill      XL: |  1  2 |
---------------+-------+-----
Fighting       | 4 |  4.5
Armour         | 4 |  4.5
Axes           | 3 |  3.6
Shields        | 4 |  4.5

Action                     |  1- 3 |  4- 6 || total
---------------------------+-------+-------++-------
  Melee: War axe           |    42 |    22 ||    64
         Headbutt          |     9 |     3 ||    12
    Use: Potion            |       |     2 ||     2
         Scroll            |       |     1 ||     1
 Armour: Scale mail        |    27 |    11 ||    38
  Dodge: Dodged            |    20 |    18 ||    38
  Block: Buckler           |    15 |     9 ||    24

Table legend: (Time is in decaauts)
 A = Elapsed time spent in this place.
 B = Non-inter-level travel time spent in this place.
 C = Inter-level travel time spent in this place.
 D = Time resting spent in this place.
 E = Time spent auto-exploring this place.
 F = Levels seen in this place.
 G = Mean time per level.
                   A        B        C        D        E       F      G
               +--------+--------+--------+--------+--------+-----+--------+
         Total |   1315 |   1272 |     43 |      0 |   1013 |   3 |  438.3 |
       Dungeon |   1315 |   1272 |     43 |      0 |   1013 |   3 |  438.3 |
               +--------+--------+--------+--------+--------+-----+--------+

Top non-repeatable levels by time:
     D:2: 867 daAuts
     D:3: 325 daAuts
     D:1: 122 daAuts
